 Dungeon Crawl Stone Soup version 0.14.1-18-g0856e53 (webtiles) character file.

125 Kae the Firebug (level 3, -5/19 HPs)
             Began as a Deep Elf Fire Elementalist on June 3, 2014.
             Slain by a gnoll
             ... wielding a cursed +0,-1 halberd
              (18 damage)
             ... on Level 2 of the Dungeon.
             The game lasted 00:02:41 (1348 turns).

Kae the Firebug (Deep Elf Fire Elementalist)        Turns: 1348, Time: 00:02:42

HP  -5/19        AC  2     Str  5      XL: 3   Next: 96%
MP   6/11        EV 13     Int 20      God:
Gold 59          SH  0     Dex 15      Spells:  3 memorised,  3 levels left

rFire  . . .     SeeInvis .     (no weapon)
rCold  . . .     Clarity  .     o - +0 robe (curse)
rNeg   . . .     Conserve .     (no shield)
rPois  .         rCorr    .     (no helmet)
rElec  .         rRot     .     (no cloak)
SustAb . .       Spirit   .     (no gloves)
rMut   .         Warding  .     (no boots)
Saprov . . .     Stasis   .     (no amulet)
MR     .....                    (no ring)
                                f - ring of sustenance

@: not resistant to hostile enchantments, fairly stealthy
A: no striking features
a: no special abilities


You were on level 2 of the Dungeon.
You were not hungry.

You visited 1 branch of the dungeon, and saw 2 of its levels.

You collected 59 gold pieces.

Inventory:

Armour
 a - a +0 robe
 o - a cursed +0 robe (worn)
Comestibles
 c - 2 bread rations
 k - a snozzcumber
Scrolls
 d - a scroll of identify
 j - 2 scrolls of immolation
Jewellery
 f - a ring of sustenance (left hand)
Potions
 e - 2 potions of curing
 g - a potion of heal wounds {unknown}
 h - a potion of agility
 i - a potion of mutation {unknown}
 m - a potion of restore abilities {unknown}
 n - a potion of poison {unknown}
Books
 b - a book of Flames

   Spells                             Type                      Level
   *Flame Tongue                      Conjuration/Fire             1
   *Throw Flame                       Conjuration/Fire             2
   *Conjure Flame                     Conjuration/Fire             3
   Inner Flame                        Hexes/Fire                   3
   Sticky Flame                       Conjuration/Fire             4
   Fireball                           Conjuration/Fire             5


   Skills:
 - Level 2.4 Dodging
 - Level 2.4 Stealth
 + Level 3.5 Spellcasting
 * Level 2.9 Conjurations
 * Level 4.1 Fire Magic


You had 3 spell levels left.
You knew the following spells:

 Your Spells              Type           Power        Failure   Level  Hunger
a - Flame Tongue          Conj/Fire      ###..        3%          1    None
b - Throw Flame           Conj/Fire      ###...       6%          2    ##.....
c - Conjure Flame         Conj/Fire      ###.....     12%         3    ###....


Dungeon Overview and Level Annotations

Branches:
Dungeon (2/15)

Altars:


Message History

You can't see any susceptible monsters within range! (Use Z to cast anyway.)
The gnoll unwields an uncursed spear.
The gnoll drops an uncursed spear.
The gnoll picks up a flail.
The gnoll wields a flail.
The gnoll throws a stone.
The stone hits you!
Casting: Conjure Flame
Confirm with . or Enter, or press ? or * to list all spells.
Aiming: Flame Tongue
Press: ? - help, Shift-Dir - straight line, f - gnoll
Aim: a gnoll, wielding a halberd (lightly wounded)
The flame tongue hits the gnoll.
The gnoll is heavily wounded.
Casting: Flame Tongue
Confirm with . or Enter, or press ? or * to list all spells.
Aiming: Flame Tongue
Press: ? - help, Shift-Dir - straight line, f/p - gnoll
Aim: a gnoll, wielding a halberd (heavily wounded)
The flame tongue misses the gnoll.
The gnoll hits you from afar with a halberd!
Ouch! That really hurt!
You die...

........g.......g##
####.##.########)# #.####
#g...# # #....# ..# #....#
##...# "#### #g####
.....##.....####ยง#########.
...............(@..........
...##.#.....................
..# ....>##......####### ##
.... #(..#.....####
########...#........######
........<.................
.#####...########...#.....
#...# ####..(.. ##### ..#


You could see 3 gnolls.

Vanquished Creatures
  An adder (D:2)
  A gnoll (D:2)
  A giant mite (D:2)
  4 giant geckos
  4 goblins
  8 hobgoblins
  2 jackals (D:1)
  5 kobolds
  An ooze (D:1)
  4 bats
  2 giant newts
  4 rats (D:1)
37 creatures vanquished.

Notes
Turn   | Place    | Note
--------------------------------------------------------------
     0 | D:1      | Kae, the Deep Elf Fire Elementalist, began the quest for the Orb.
     0 | D:1      | Reached XP level 1. HP: 10/10 MP: 5/5
   258 | D:1      | Reached XP level 2. HP: 15/15 MP: 3/8
   708 | D:1      | Reached XP level 3. HP: 16/19 MP: 9/11
  1091 | D:2      | Reached skill level 4 in Fire Magic
  1233 | D:2      | Learned a level 2 spell: Throw Flame
  1237 | D:2      | Learned a level 3 spell: Conjure Flame
  1348 | D:2      | Slain by a gnoll

Action                   || total
-------------------------++-------
Melee: Unarmed           ||    33
 Cast: Flame Tongue      ||    68
       Throw Flame       ||     3
       Conjure Flame     ||     1
  Use: Scroll            ||     5
 Stab: Sleeping          ||     1
